 Dungeon Crawl Stone Soup version 0.21.0-3-g78d12a8 (webtiles) character file.

2191 Suckerboh the Destroyer (level 9, 0/47 HPs)
             Began as a Deep Elf Fire Elementalist on Jan 15, 2018.
             Was an Initiate of Vehumet.
             Slain by a wyvern zombie (10 damage)
             ... on level 6 of the Dungeon.
             The game lasted 00:14:18 (7049 turns).

Suckerboh the Destroyer (DEFE)                      Turns: 7049, Time: 00:14:19

Health: 0/47       AC:  3    Str:  5    XL:     9   Next: 12%
Magic:  12/23      EV: 15    Int: 24    God:    Vehumet [......]
Gold:   159        SH:  0    Dex: 15    Spells: 11/24 levels left

rFire    . . .     SeeInvis .   a - +2 flail (crush)
rCold    . . .     Gourm    .   (no shield)
rNeg     . . .     Faith    .   n - +0 robe
rPois    .         Spirit   .   t - +0 helmet
rElec    .         Reflect  .   (no cloak)
rCorr    .         Harm     .   (no gloves)
MR       .....                  (no boots)
Stlth    ++........             (no amulet)
HPRegen  0.15/turn              (no ring)
MPRegen  0.18/turn              (no ring)

@: no status effects
A: no striking features
a: Renounce Religion


You were on level 6 of the Dungeon.
You worshipped Vehumet.
Vehumet was noncommittal.
You were not hungry.

You visited 2 branches of the dungeon, and saw 7 of its levels.

You collected 159 gold pieces.

Inventory:

Hand Weapons
 a - a +2 flail of crushing (weapon)
 C - a +2 dagger of venom
 D - the +9 flail "Hedi Esova" {holy, rPois rC- Int+8, unknown}
   (You found it on level 6 of the Dungeon)

   It has been blessed by the Shining One to cause great damage to the undead
   and demons.
   It affects your intelligence (+8).
   It makes you vulnerable to cold.
   It protects you from poison.
Armour
 n - a +0 robe (worn)
 t - a +0 helmet (worn)
 x - a +2 leather armour of poison resistance
Jewellery
 d - an uncursed ring of protection from cold {unknown}
 u - an uncursed ring of stealth {unknown}
Wands
 w - a wand of acid (5)
 B - a wand of paralysis (13)
Scrolls
 e - 5 scrolls of remove curse {unknown}
 f - 5 scrolls of identify {unknown}
 g - 2 scrolls of amnesia {unknown}
 i - a scroll of immolation {unknown}
 j - a scroll of noise {unknown}
 k - a scroll of enchant armour {unknown}
 l - 3 scrolls of teleportation {unknown}
 r - a scroll of blinking {unknown}
 s - 2 scrolls of magic mapping {unknown}
 y - 2 scrolls of fog {unknown}
Potions
 h - a potion of brilliance {unknown}
 m - 4 potions of magic {unknown}
 o - 8 potions of curing {unknown}
 p - 2 potions of lignification {unknown}
 q - 2 potions of flight {unknown}
 v - a potion of cancellation {unknown}
 z - a potion of agility {unknown}
 A - a potion of berserk rage {unknown}
 E - a potion of heal wounds {unknown}
Books
 b - a book of Flames

   Spells                             Type                      Level
   a - Flame Tongue                   Conjuration/Fire             1
   b - Throw Flame                    Conjuration/Fire             2
   c - Conjure Flame                  Conjuration/Fire             3
   d - Inner Flame                    Hexes/Fire                   3
   e - Sticky Flame                   Conjuration/Fire             4
   f - Fireball                       Conjuration/Fire             5
Comestibles
 c - 4 rations
 F - 2 chunks of flesh


   Skills:
 + Level 1.4 Fighting
 - Level 1.2 Maces & Flails
 + Level 4.8 Dodging
 - Level 2.4 Stealth
 + Level 8.2 Spellcasting
 * Level 8.6 Conjurations
 + Level 6.8 Fire Magic


You had 11 spell levels left.
You knew the following spells:

 Your Spells              Type           Power        Failure   Level  Hunger
a - Flame Tongue          Conj/Fire      #####        1%          1    None
b - Conjure Flame         Conj/Fire      #####...     1%          3    None
c - Sticky Flame          Conj/Fire      #####...     2%          4    ##.....
d - Fireball              Conj/Fire      #####.....   8%          5    #####..


Dungeon Overview and Level Annotations

Branches:
Dungeon (6/15)             Temple (1/1) D:6

Altars:
Cheibriados
Dithmenos
Elyvilon
Fedhas
Gozag
Kikubaaqudgha
Makhleb
Nemelex Xobeh
Okawaru
Qazlal
Ru
Sif Muna
Trog
Uskayaw
Vehumet
Wu Jian
Xom
Yredelemnul
Zin
The Shining One


Message History

The wyvern zombie is lightly damaged.
The wyvern zombie is covered in liquid flames!
The wyvern zombie burns!
The wyvern zombie bites you!
* * * LOW HITPOINT WARNING * * *
The wyvern zombie burns!
The wyvern zombie completely misses you.
The wyvern zombie burns!
You see here a club.
Casting: Sticky Flame
Confirm with . or Enter, or press ? or * to list all spells.
Aiming: Sticky Flame
Press: ? - help, Shift-Dir - straight line, f/p - wyvern zombie
Aim: a wyvern zombie (moderately damaged, covered in liquid flames)
The sticky flame hits the wyvern zombie.
The wyvern zombie is moderately damaged.
The wyvern zombie is covered in liquid flames!
The wyvern zombie burns!
The wyvern zombie bites you.
* * * LOW HITPOINT WARNING * * *
The wyvern zombie burns!
The wyvern zombie bites you!
You die...

.#.⌠ ..... ... #..# ....#
.... ....## ##..#
.....###..# #.# ... ...#
.......#..####.##.#.###..#
...'.).#..#..............#
#...#..#.##.######....#
#.#...#.##).....'....#####
#.....#.#<#######...#.....
#...h.#.#@# #...#.....
#.###.#.#Z## #...#.....
.h. #...o).# #...#.....
#..## #.#h#..# #...#.....
#.. #.#.#..# #..8#.....
... ..#.#..######..>######
## ##.#.#.........#8#
#.#.#..######.###
###.#...# #.#


You could see a howler monkey, an orc and a wyvern zombie (burning).

Vanquished Creatures
  2 slime creatures (D:5)
  Edmund (D:4)
  Duvessa (D:5)
  A sky beast (D:5)
  A phantom (D:6)
  3 ogres (D:4)
  2 big kobolds (D:5)
  3 scorpions
  Dowan (D:5)
  A howler monkey (D:5)
  4 crimson imps (D:5)
  A bullfrog zombie (D:3)
  5 jellies (D:5)
  3 hounds
  2 orc priests (D:6)
  Ijyb (D:4)
  A worker ant (D:5)
  Robin (D:3)
  7 gnolls
  8 adders
  A howler monkey skeleton (D:5)
  4 oozes
  3 worms
  2 dart slugs (D:2)
  3 leopard geckos
  11 orcs
  9 bats
  2 giant cockroaches
  14 goblins
  7 hobgoblins
  8 jackals
  A quokka (D:4)
  2 ball pythons
  5 frilled lizards
  A jackal zombie (D:5)
  11 kobolds
  A quokka zombie (D:5)
  9 rats
143 creatures vanquished.

Vanquished Creatures (others)
  11 fungi (D:5)
  11 toadstools
22 creatures vanquished.

Grand Total: 165 creatures vanquished

Notes
Turn   | Place    | Note
-------+----------+-------------------------------------------
     0 | D:1      | Suckerboh the Deep Elf Fire Elementalist began the quest for the Orb.
     0 | D:1      | Reached XP level 1. HP: 10/10 MP: 6/6
   296 | D:1      | Reached XP level 2. HP: 15/15 MP: 5/8
  1234 | D:2      | Reached XP level 3. HP: 16/19 MP: 5/10
  1482 | D:2      | Reached XP level 4. HP: 8/24 MP: 3/11
  2295 | D:3      | Reached XP level 5. HP: 12/28 MP: 4/13
  2465 | D:3      | Learned a level 3 spell: Conjure Flame
  2470 | D:3      | Learned a level 4 spell: Sticky Flame
  2835 | D:3      | Noticed Robin
  3103 | D:3      | Found an opulent altar of Gozag.
  3103 | D:3      | Found a hide-covered altar of Uskayaw.
  3145 | D:3      | Killed Robin
  3666 | D:4      | Reached XP level 6. HP: 23/32 MP: 4/14
  3680 | D:4      | Learned a level 5 spell: Fireball
  3787 | D:4      | Noticed Edmund
  3805 | D:4      | Killed Edmund
  3805 | D:4      | Reached skill level 5 in Spellcasting
  4163 | D:4      | Reached skill level 5 in Conjurations
  4167 | D:4      | Reached skill level 5 in Fire Magic
  4250 | D:4      | Noticed Ijyb
  4276 | D:4      | Reached XP level 7. HP: 36/36 MP: 7/17
  4280 | D:4      | Killed Ijyb
  4558 | D:4      | Found a sparkling altar of Nemelex Xobeh.
  4783 | D:5      | Entered Level 5 of the Dungeon
  5119 | D:5      | Noticed Dowan
  5122 | D:5      | Noticed Duvessa
  5132 | D:5      | Killed Dowan
  5134 | D:5      | Killed Duvessa
  5139 | D:5      | Reached XP level 8. HP: 41/42 MP: 3/19
  5361 | D:5      | Reached skill level 1 in Maces & Flails
  5679 | D:5      | Noticed a slime creature
  5680 | D:5      | Reached skill level 1 in Fighting
  5681 | D:5      | Noticed a slime creature
  6347 | D:5      | Killed a slime creature
  6351 | D:5      | Killed a slime creature
  6351 | D:5      | Reached XP level 9. HP: 41/47 MP: 5/23
  6506 | D:6      | Got a scorched flail
  6594 | D:6      | Found a staircase to the Ecumenical Temple.
  6607 | Temple   | Entered the Ecumenical Temple
  6621 | Temple   | Became a worshipper of Vehumet
  7049 | D:6      | Slain by a wyvern zombie

Skill      XL: |  1  2  3  4  5  6  7  8 |
---------------+-------------------------+-----
Fire Magic     | 4 5 6 |  6.8
Conjurations   | 2 3 4 5 6 8 |  8.6
Spellcasting   | 4 5 6 8 |  8.2
Dodging        | 3 4 |  4.8
Maces & Flails | 1 |  1.2
Fighting       | 1 |  1.4
Stealth        | |  2.4

Action                   |  1- 3 |  4- 6 |  7- 9 || total
-------------------------+-------+-------+-------++-------
Melee: Unarmed           |     6 |     8 |       ||    14
       Flail             |       |       |   117 ||   117
 Cast: Flame Tongue      |    57 |   121 |   115 ||   293
       Sticky Flame      |       |     3 |    13 ||    16
       Conjure Flame     |       |     2 |     2 ||     4
 Stab: Sleeping          |     1 |       |       ||     1
  Eat: Chunk             |     2 |     8 |     7 ||    17
       Ration            |       |       |     1 ||     1
Armor: Robe              |     2 |    10 |    25 ||    37
Dodge: Dodged            |    14 |    41 |   130 ||   185
